Cogmind - Beta 17.1 @@@ ROGUE MODE // 2026.09.22 @ 12:53:30 Player: Talon Java Result: Self-destructed Performance ------------- Evolutions (6) 3000 Regions Visited (23) 4600 Robots Destroyed (334) 1670 Value Destroyed (12821) 12821 Prototype IDs (27) 540 Alien Tech Used (1) 200 Bonus (7188) 7188 TOTAL SCORE: 30019 Bonus ------- High Alert Combat Kills 1892 Follower Combat Kills 3657 Entered Garrisons 600 Used RIF Installer 2000 Network Hubs Disabled 400 Met Zhirov 300 Built Enhanced Grunts 300 Met R17 at Cetus 500 Friendly Fire -2461 Cogmind --------- Core Integrity 636/1150 Matter 276/300 Energy 60/150 System Corruption 2% Temperature Cool (-148) Movement Flying (37) Location -4/Factory Parts ------- > --- POWER (1) -------- Micro Fission Core > --- PROPULSION (5) --- Impulse Thruster Field Propulsion Array > --- UTILITY (9) ------ Improved Cryofiber Web Advanced Targeting Computer ECM Suite Propulsion Shielding Improved Hacking Suite Improved Hacking Suite Relay Coupler [Grunt] (22) > --- WEAPON (4) ------- Ripper > --- INVENTORY (5) ---- Micro Fission Core VTOL Module Authchip [Armor] Authchip [Weapon] Transdimensional Reconstructor Peak State ------------ > --- POWER ------------ Quantum Reactor > --- PROPULSION ------- Improved Medium Treads Flexi-carbon Leg Flexi-carbon Leg Myomer Leg Myomer Leg > --- UTILITY ---------- Advanced Heat Sink Advanced Heat Sink High-capacity Storage Unit Advanced Targeting Computer Improved Transmission Jammer Centrium Medium Armor Plating Makeshift Hacking Suite Improved Hacking Suite Relay Coupler [Grunt] > --- WEAPON ----------- Thermic Laser Thermic Laser Enhanced Quantum Rifle Enhanced Quantum Rifle > --- INVENTORY -------- Light Antimatter Reactor Flexi-carbon Leg Myomer Leg Myomer Leg Improved Cryofiber Web Improved Matter Compressor Advanced Sensor Array Centrium Medium Armor Plating Medium Regenerative Plating Authchip [Armor] Authchip [Weapon] Transdimensional Reconstructor Coil Gun Improved Plasma Cutter Ripper [Rating: 116] Favorites ----------- Power Neutrino Core Engine Light Ion Engine Power Core Neutrino Core Reactor Fusion Reactor Propulsion Light Treads Treads Light Treads Leg Aluminum Leg Wheel Armored Huge Wheel Hover Unit Aerolev Unit Flight Unit Xenon Bombardment Thruster Utility Relay Coupler [Grunt] Device Advanced Heat Sink Storage High-capacity Storage Unit Processor Advanced Targeting Computer Hackware Relay Coupler [Grunt] Protection Medium Regenerative Plating Weapon Advanced KE Penetrator Energy Gun Plasma Rifle Energy Cannon Beam Cannon Ballistic Gun Advanced KE Penetrator Ballistic Cannon Gauss Cannon Launcher Mini Grenade Launcher Special Weapon Improved Plasma Cutter Slashing Weapon Ripper Piercing Weapon Spear Special Melee Weapon Improved Datajack Build | -11 -10 -9 -9 -9 -8 -8 -8 -8 -7 -7 -7 -7 -6 -6 -6 -6 -6 -5 -5 -5 -5 -4 -4 ------- Run | Yrd Mat Mat Min Exi Min Mat Gar Mat Fac Gar Fac Gar Fac Ext Cet Arc Hub Fac Upp Upp Zhi Pro Fac Slots Evolved 12 | . . 2 . . . 2 . . 2 . . . 2 . . . . 2 . . . . 2 Power . | . . . . . . . . . . . . . . . . . . . . . . . . Propulsion 3 | . . 1 . . . 1 . . . . . . . . . . . . . . . . 1 Utility 7 | . . 1 . . . 1 . . 2 . . . . . . . . 2 . . . . 1 Weapon 2 | . . . . . . . . . . . . . 2 . . . . . . . . . . Parts Attached 249 | . 11 22 1 . 4 27 6 14 8 3 26 15 18 12 11 2 4 13 3 4 4 4 37 Power 26 | . 1 2 1 . 1 2 1 2 . 1 2 2 . 3 1 . . 1 . . 1 . 5 Engine 6 | . 1 2 1 . . . . . . . 1 . . . 1 . . . . . . . . Core 16 | . . . . . 1 2 1 2 . 1 1 2 . 3 . . . 1 . . . . 2 Reactor 4 | . . . . . . . . . . . . . . . . . . . . . 1 . 3 Propulsion 81 | . 2 10 . . 2 12 2 6 1 1 8 6 4 1 1 2 1 4 . . . 3 15 Treads 36 | . 2 8 . . 2 7 2 2 . . 2 . . . 1 2 1 4 . . . 3 . Leg 19 | . . . . . . . . . . . 5 4 2 . . . . . . . . . 8 Wheel 3 | . . . . . . . . . . . . . 2 1 . . . . . . . . . Hover 8 | . . . . . . 5 . . . . . 1 . . . . . . . . . . 2 Flight 15 | . . 2 . . . . . 4 1 1 1 1 . . . . . . . . . . 5 Utility 76 | . 2 5 . . 1 9 1 4 4 . 12 2 6 2 4 . 1 5 2 2 3 1 10 Device 29 | . 1 2 . . . 4 . 2 1 . 3 1 2 . . . . 3 2 2 . . 6 Storage 7 | . 1 . . . . 1 . . . . 1 . 1 . . . . 1 . . 2 . . Processor 11 | . . 1 . . . 1 1 1 1 . 3 . 1 . . . . 1 . . . . 1 Hackware 9 | . . . . . . 1 . . 2 . 2 . . 1 . . 1 . . . . . 2 Protection 20 | . . 2 . . 1 2 . 1 . . 3 1 2 1 4 . . . . . 1 1 1 Artifact . | . . . . . . . . . . . . . . . . . . . . . . . . Weapon 66 | . 6 5 . . . 4 2 2 3 1 4 5 8 6 5 . 2 3 1 2 . . 7 Energy Gun 7 | . . . . . . . . . . . . . 2 . 1 . . . . . . . 4 Energy Cannon 3 | . 1 1 . . . . . . 1 . . . . . . . . . . . . . . Ballistic Gun 36 | . 2 4 . . . . . . . . 2 4 5 6 3 . 2 2 1 2 . . 3 Ballistic Cannon 10 | . 3 . . . . 3 1 . . . 2 1 . . . . . . . . . . . Launcher 2 | . . . . . . 1 . 1 . . . . . . . . . . . . . . . Special Weapon 1 | . . . . . . . . . . 1 . . . . . . . . . . . . . Impact Weapon . | . . . . . . . . . . . . . . . . . . . . . . . . Slashing Weapon 4 | . . . . . . . 1 1 . . . . 1 . 1 . . . . . . . . Piercing Weapon 1 | . . . . . . . . . 1 . . . . . . . . . . . . . . Special Melee Weapon 2 | . . . . . . . . . 1 . . . . . . . . 1 . . . . . Unidentified Prototypes 17 | . . 2 . . . 1 . . 1 . 1 1 1 . 5 . . . . . 5 . . Corrupted Parts 3 | . . . . . . . . . . . . 1 . . . . 2 . . . . . . System Corruption 20 | . . . . . . . . . . . . 9 . . . . 11 . . . . . . Parts Lost 76 | . 1 3 . . . 2 2 . 1 3 7 15 . 5 2 . . 1 . . . 4 30 Power 9 | . 1 1 . . . 1 . . . 1 . 2 . . 1 . . . . . . . 2 Propulsion 27 | . . 2 . . . . . . . 1 3 5 . . 1 . . . . . . 3 12 Utility 15 | . . . . . . 1 1 . 1 1 2 2 . . . . . . . . . . 7 Weapon 25 | . . . . . . . 1 . . . 2 6 . 5 . . . 1 . . . 1 9 Highest Loss Streak 20 | . 1 2 . . . 1 1 . 1 3 5 9 . 2 2 . . 1 . . . 3 20 To Critical Strikes 2 | . . . . . . . . . . . . . . . 1 . . 1 . . . . . Average Backups 16 | . 13 14 15 15 15 14 10 14 9 9 11 14 17 18 19 19 19 19 20 19 19 18 17 Power . | . . . 1 1 1 1 1 1 1 . . . . 1 . 1 1 1 1 1 1 1 1 Propulsion 3 | . 5 6 7 7 7 5 2 3 1 1 1 2 4 4 3 2 3 2 2 1 2 . 1 Utility 6 | . . 1 3 3 3 4 3 3 3 4 4 5 6 9 10 11 10 8 8 8 9 9 8 Weapon 5 | . 6 5 4 4 4 4 3 5 1 2 3 4 4 3 4 4 4 6 7 7 6 5 5 Tool/Special . | . . . . . . . . . . . . . . . . . . . . . . . . Unused Backups 76 | . 13 6 . . 1 8 4 6 5 . 5 . 4 4 6 2 1 1 . . 1 . 9 Power 6 | . 1 1 . . 1 . . . . . . . . . 1 . . . . . . . 2 Propulsion 23 | . 6 3 . . . 3 . 4 . . 1 . 1 3 1 1 . . . . . . . Utility 23 | . 1 . . . . 2 4 1 2 . 1 . 2 . 2 1 1 . . . 1 . 5 Weapon 22 | . 5 2 . . . 3 . 1 3 . 2 . 1 1 2 . . 1 . . . . 1 Tool/Special 2 | . . . . . . . . . . . 1 . . . . . . . . . . . 1 Average Slot Usage (%) 93 | . 99 98 100 100 100 94 99 98 93 91 87 91 86 85 85 91 92 92 94 94 90 92 86 Engine 2 | . 14 11 11 11 7 . . . . . . . . . 5 6 6 2 . . . . . Core 3 | . . . . . 3 8 9 9 7 6 5 6 6 6 . . . 2 5 5 2 . . Treads 16 | . 27 32 33 33 33 35 3 33 . . 6 . . . 5 16 19 17 17 17 17 17 9 Leg 1 | . . . . . . . . . . . 7 22 2 . . . . . . . . . 6 Wheel 1 | . . . . . . . . . . . . . 11 13 6 1 . . . . . . . Hover 2 | . . . . . . . 32 . . . . 3 . . . . . . . . . . . Flight 2 | . . . . . . . . 2 30 30 14 1 . . . . . . . . . . 1 Device 8 | . 13 11 11 11 11 16 3 3 7 7 6 . 9 6 6 6 6 10 10 10 7 4 7 Storage 7 | . 14 11 11 11 11 9 9 9 7 7 7 7 6 6 6 6 6 5 5 5 5 5 4 Processor 9 | . . 2 . . . . 16 17 15 15 16 23 9 6 6 6 6 9 11 11 11 11 8 Hackware 6 | . . . . . . . . . 5 7 5 7 6 12 13 13 12 11 11 11 11 11 12 Protection 6 | . . 7 11 11 11 6 6 5 7 6 4 5 5 6 6 6 6 5 5 5 4 10 9 Ballistic Gun 15 | . 10 7 22 22 22 12 . . . . . 10 21 23 24 22 25 22 23 22 22 22 17 Ballistic Cannon 3 | . 8 7 . . . 5 17 16 . . 4 1 . . . . . . . . . . . Peak Build Rating 116 | . 12 18 19 19 21 39 39 41 46 48 46 54 74 70 96 94 91 104 104 102 99 93 116 Average Rating 61 | . 10 14 18 19 19 23 34 27 43 43 41 41 66 66 89 90 89 99 101 96 92 89 95 On Entrance 52 | 6 6 10 18 19 19 21 39 25 36 43 37 39 48 68 64 94 90 91 101 102 96 93 89 Avg Prop Armor Cover (%) 4 | . . . . . . . 2 . . . 4 4 . . 9 7 . . . . . . 3 Naked Turns . | . . . . . . . . . . . . . . . . . . . . . . . . Heaviest Build 98 | 11 31 36 40 40 45 44 42 42 24 24 53 48 76 81 85 85 85 87 88 92 84 88 98 Greatest Support 138 | 20 40 60 60 60 60 80 80 80 26 28 52 56 64 56 80 126 133 138 131 131 131 131 110 Greatest Overweight (x) 11 | . 1 11 . . . . . . . . 2 3 1 1 3 3 . . . . . 1 1 Average Overweight (x) . | . . . . . . . . . . . . . . 1 1 . . . . . . . . Largest Inventory Capacity 20 | . 15 15 15 15 15 15 15 15 10 10 15 15 20 20 20 20 20 20 20 20 20 20 20 Average Capacity 17 | . 14 15 15 15 15 14 10 14 10 10 13 15 18 20 20 20 20 20 20 20 20 20 18 Most Carried 20 | . 15 15 15 15 15 15 15 15 10 10 15 15 20 20 20 20 20 20 20 20 20 20 20 Average Carried 16 | . 13 14 15 15 15 14 10 14 9 9 13 14 18 19 19 19 19 19 20 19 19 18 17 Final Capacity 20 | 8 15 15 15 15 15 10 15 10 10 10 15 15 20 20 20 20 20 20 20 20 20 20 5 Final Carried 20 | 6 15 15 15 15 15 10 15 10 10 10 15 15 20 20 20 20 20 20 20 20 20 18 5 Class Distribution -------------------- 27% | Scavenger-Skirmisher 20% | Scavenger-Mutant 18% | Mutant 13% | Scavenger-Tank 5% | Gunner 4% | Scout 3% | Scavenger-Gunner Dominant Class ---------------- Mutant | -10/Materials Scavenger-Mutant | -9/Materials Scavenger-Mutant | -9/Mines Mutant | -9/Exiles Mutant | -8/Mines Scavenger-Mutant | -8/Materials Mutant | -8/Garrison Scavenger-Mutant | -8/Materials Scout | -7/Factory Scout | -7/Garrison Skirmisher | -7/Factory Scavenger-Mutant | -7/Garrison Gunner | -6/Factory Commander-Gunner | -6/Extension Scavenger-Tank | -6/Cetus Scavenger-Tank | -6/Archives Scavenger-Tank | -6/Hub_04(d) Scavenger-Tank | -5/Factory Scavenger-Skirmisher | -5/Upper Caves Scavenger-Skirmisher | -5/Upper Caves Scavenger-Skirmisher | -5/Zhirov Scavenger-Skirmisher | -4/Proximity Caves Scavenger-Skirmisher | -4/Factory Resources | -11 -10 -9 -9 -9 -8 -8 -8 -8 -7 -7 -7 -7 -6 -6 -6 -6 -6 -5 -5 -5 -5 -4 -4 ----------- Run | Yrd Mat Mat Min Exi Min Mat Gar Mat Fac Gar Fac Gar Fac Ext Cet Arc Hub Fac Upp Upp Zhi Pro Fac Matter Collected 13142 | 200 443 806 141 . 104 718 1612 866 65 48 895 593 966 692 401 120 535 820 341 434 428 770 1144 Remotely . | . . . . . . . . . . . . . . . . . . . . . . . . Salvage Created 13828 | . 662 1370 155 . 186 819 1187 508 131 48 1013 223 1147 731 288 366 983 977 338 471 195 873 1157 Parts 698 | . 34 73 8 . 12 47 58 29 11 6 57 15 45 28 14 22 46 53 17 22 5 26 70 Haulers Intercepted 22 | . 2 6 . . . 2 . 4 1 . 4 . 2 . . . . 1 . . . . . Recyclers Shooed 14 | . 3 3 1 . . 2 . . . . . . 1 . . . 1 1 . . . . 2 Parts Field Recycled . | . . . . . . . . . . . . . . . . . . . . . . . . Retrieved Matter . | . . . . . . . . . . . . . . . . . . . . . . . . Parts Self-Destructed 69 | . . . . . . . . . . . . . . . . . . . 24 20 2 23 . Prevented 5 | . . . . . . . . . . . . . . . . . . . . 5 . . . Parts Restored . | . . . . . . . . . . . . . . . . . . . . . . . . Kills | -11 -10 -9 -9 -9 -8 -8 -8 -8 -7 -7 -7 -7 -6 -6 -6 -6 -6 -5 -5 -5 -5 -4 -4 ------- Run | Yrd Mat Mat Min Exi Min Mat Gar Mat Fac Gar Fac Gar Fac Ext Cet Arc Hub Fac Upp Upp Zhi Pro Fac Combat Hostiles Destroyed 252 | . 16 26 4 . 4 17 40 12 . 4 21 13 12 9 3 3 7 12 6 10 . 14 19 Melee 4 | . . . . . . . 1 . . 1 1 . . 1 . . . . . . . . . Guns 137 | . 9 6 4 . 4 13 . . . . 2 6 12 8 3 3 6 12 6 10 . 14 19 Cannons 98 | . 7 20 . . . 4 39 9 . . 14 5 . . . . . . . . . . . AOE 12 | . . . . . . . . 3 . 3 4 2 . . . . . . . . . . . Classes Destroyed 19 | . 5 3 . . 1 . 1 2 . 1 2 . . 3 . . . . . . . . 1 Worker 15 | . . . . . . . . 1 . . 2 . 2 . . . 9 . . . . . 1 Builder 10 | . . . . . . . . . . . . . . 2 . . 3 3 . . . . 2 Tunneler 1 | . . . . . . . . 1 . . . . . . . . . . . . . . . Hauler 22 | . 2 6 . . . 2 . 4 1 . 4 . 2 . . . . 1 . . . . . Recycler 11 | . 2 1 . . . . . 1 . . 4 . 1 1 . . 1 . . . . . . Mechanic 1 | . . . . . . . . . . . . . . . . . . . . . . . 1 Operator 7 | . . 1 . . . . . . 1 . . . . 1 . 4 . . . . . . . Drone 2 | . . . . . . . . . . 1 . . . . . . . . . . . 1 . Watcher 12 | . 1 3 . . . . . . 2 . 2 . . . 1 . 2 1 . . . . . Swarmer 57 | . 9 4 1 . . 3 6 3 . 3 3 9 . 2 . . . 2 2 5 . 1 4 Saboteur 2 | . . . . . . . . . . . . . . 1 . . . . . . . . 1 Grunt 98 | . 7 11 2 . 3 11 17 6 . . 5 3 6 2 . . 4 3 3 3 . 7 5 Brawler 4 | . . . . . 1 . 2 . . . . . . . . . . . . . . 1 . Duelist 6 | . . 1 1 . . . 1 . . . . . . 1 . . . . . 1 . . 1 Protector 1 | . . . . . . . . . . . 1 . . . . . . . . . . . . Sentry 37 | . . 10 . . . 3 10 2 . . . . 2 1 . 3 2 2 . . . 1 1 Hunter 20 | . . . . . . . 4 1 . . 5 . 2 . . . 1 2 1 1 . . 3 Programmer 19 | . . . . . . . . . . . 7 1 2 . . . . 3 . . . 2 4 Behemoth 2 | . . . . . . . . . . . . . . 1 . . . . . . . 1 . Cetus Guard 3 | . . . . . . . . . . . . . . . 3 . . . . . . . . Enhanced Grunt 2 | . . . . . . . . . . . . . . . . . 1 1 . . . . . Thug 1 | . . . . . . . . . . . . . . 1 . . . . . . . . . Butcher 1 | . . . . . . . . . . . . . . 1 . . . . . . . . . Best Kill Streak 11 | . 4 6 2 . 2 4 4 4 1 3 10 6 5 4 3 2 11 7 3 5 . 4 6 Combat Bots Only 9 | . 3 6 2 . 2 3 4 4 . 3 9 6 4 2 2 2 4 5 3 5 . 4 4 Max Kills in Single Turn 10 | . 2 2 1 . 1 1 2 3 1 3 4 1 1 2 1 1 10 2 1 3 . 1 3 Gunslinging 2 | . . . . . . . . . . . . . . . . . . . . 2 . . 1 Exploded 3 | . . . . . . . . 3 . 3 3 1 . . . . . . . . . . . Melee 1 | . . . . . . . 1 . . 1 1 . . 1 . . . . . . . . . Uniques/NPCs Destroyed 1 | . . . . . . . . . . . . . . . 1 . . . . . . . . A7 (-6/Cetus) Combat | -11 -10 -9 -9 -9 -8 -8 -8 -8 -7 -7 -7 -7 -6 -6 -6 -6 -6 -5 -5 -5 -5 -4 -4 -------- Run | Yrd Mat Mat Min Exi Min Mat Gar Mat Fac Gar Fac Gar Fac Ext Cet Arc Hub Fac Upp Upp Zhi Pro Fac Hostile Shots Fired 1951 | . 78 98 30 . 7 87 106 43 23 61 201 165 110 118 32 . 38 101 29 46 . 97 481 Missed 696 | . 21 21 15 . 1 25 53 17 10 33 67 45 29 42 10 . 11 33 6 10 . 34 213 Hits 1255 | . 57 77 15 . 6 62 53 26 13 28 134 120 81 76 22 . 27 68 23 36 . 63 268 Melee 9 | . . . . . . . . . . . . . . . . . . . . . . 2 7 Projectile 1246 | . 57 77 15 . 6 62 53 26 13 28 134 120 81 76 22 . 27 68 23 36 . 61 261 Critical Strikes 44 | . . 3 . . 1 4 1 2 . . 3 1 1 . 3 . . 8 1 . . 2 14 Part Disruptions 3 | . . . . . . . . . . . 3 . . . . . . . . . . . . Damage Taken 19839 | . 532 1021 137 . 84 901 784 458 160 318 1970 1926 1147 835 521 . 455 1378 346 637 . 1246 4983 Core 2298 | . 109 173 16 . 26 66 147 46 13 41 297 306 94 53 40 . 53 140 74 69 . 21 514 Absorbed by Shields 750 | . . . . . . . 15 . . 25 197 52 . 285 155 . . . . . . . 21 Redirected to Shielding 33 | . . . . . . . . . . . . . . . . . . . . . . . 33 Ignored by Resistances 23 | . . . . . . . . . 17 6 . . . . . . . . . . . . . Regen/Repaired (Parts) 769 | . . . . . . . . . . . . . . . 14 41 86 202 59 24 37 189 117 Core Remaining (%) 57 | 100 56 . . . 46 . . 52 . . . 6 . . . . 71 . . . . 69 . Volleys Fired 821 | . 61 96 17 . 8 49 120 47 1 1 82 49 39 40 17 5 15 38 16 27 . 42 51 Largest 4 | . 2 2 2 . 2 2 2 2 1 1 2 2 4 4 4 4 4 4 4 4 . 4 4 Hottest 300 | . 93 93 50 . 50 65 80 80 80 36 80 53 163 160 133 135 135 133 134 134 . 126 300 Shots Fired 1987 | . 122 192 34 . 16 97 224 93 1 1 90 68 149 151 68 20 54 136 63 87 . 159 162 Gun 1373 | . 74 56 34 . 16 84 . . . . 16 44 149 151 68 20 54 136 63 87 . 159 162 Cannon 608 | . 48 136 . . . 12 224 92 1 . 74 21 . . . . . . . . . . . Launcher 6 | . . . . . . 1 . 1 . 1 . 3 . . . . . . . . . . . Special . | . . . . . . . . . . . . . . . . . . . . . . . . Kinetic 1830 | . 98 131 34 . 16 96 224 92 . . 88 65 126 130 68 20 54 136 63 87 . 159 143 Thermal 151 | . 24 61 . . . . . . 1 . 2 . 23 21 . . . . . . . . 19 Explosive 6 | . . . . . . 1 . 1 . 1 . 3 . . . . . . . . . . . Electromagnetic . | . . . . . . . . . . . . . . . . . . . . . . . . Robot Hit Streak 27 | . 13 14 7 . 5 15 6 7 . 7 13 7 27 14 6 6 14 12 5 9 . 20 23 Robot Miss Streak 7 | . 6 4 4 . 3 4 5 4 . . 5 4 4 4 2 2 2 2 4 5 . 7 4 Penetration Max 2 | . . . . . . . 1 1 . . 1 1 1 1 1 . 2 1 1 1 . 1 1 Secondary Targets 31 | . 1 . . . . 2 . . . . . 2 1 2 1 . 1 6 2 3 . 5 5 Max Gunslinging Chain 2 | . 1 . . . . 1 . . . . . 1 1 1 1 . 1 1 1 2 . 1 1 Shots Hit Robots 1250 | . 68 123 21 . 10 70 97 55 17 3 70 37 95 94 55 23 39 97 35 39 8 98 96 Core Hits 589 | . 26 46 6 . 6 31 58 25 4 3 31 20 45 49 22 11 35 36 15 19 3 45 53 Critical Kills 22 | . . . . . . . . . . . . . 2 . 2 2 6 4 . 2 . 2 2 Critical Parts Destroyed 51 | . . 1 . . . . . . . . . 1 4 2 4 1 9 10 3 2 . 6 8 Critical Strikes 125 | . 1 5 . . . 1 22 8 . . 6 4 8 3 7 3 15 15 3 4 . 8 12 Burn 5 | . . . . . . . . . . . . . 2 1 . . . . . . . . 2 Destroy 74 | . . 1 . . . . . . . . . 1 6 2 6 3 15 15 3 4 . 8 10 Blast 44 | . 1 4 . . . 1 22 8 . . 5 3 . . . . . . . . . . . Sever 1 | . . . . . . . . . . . . . . . 1 . . . . . . . . Impale 1 | . . . . . . . . . . . 1 . . . . . . . . . . . . Melee Attacks 116 | . . . . . . . 8 1 30 6 22 8 6 . 11 9 1 4 . 1 8 . 1 Impact . | . . . . . . . . . . . . . . . . . . . . . . . . Slashing 60 | . . . . . . . 8 1 17 . . . . . 11 9 1 3 . 1 8 . 1 Piercing 49 | . . . . . . . . . 7 6 22 8 6 . . . . . . . . . . Sneak Attacks 33 | . . . . . . . . . 8 2 3 . . . 11 8 . 1 . . . . . Combat Hostiles 2 | . . . . . . . . . . 2 . . . . . . . . . . . . . Follow-up Attacks . | . . . . . . . . . . . . . . . . . . . . . . . . Damage Inflicted 36166 | . 1129 2327 371 . 171 1326 3445 1749 523 327 4488 1337 1998 2398 1697 1156 2635 2546 502 628 576 2383 2454 Guns 18740 | . 655 575 353 . 169 1075 . . . . 273 456 1984 2376 1064 362 1179 2297 502 628 . 2383 2409 Cannons 10791 | . 469 1752 . . . 251 3169 1572 . . 2925 653 . . . . . . . . . . . Explosions 3186 | . . . . . . . . 169 . 185 973 222 . . . . 1399 238 . . . . . Melee 3244 | . . . . . . . 276 . 523 142 300 . . . 633 794 . . . . 576 . . Ramming 205 | . 5 . 18 . 2 . . 8 . . 17 6 14 22 . . 57 11 . . . . 45 Kinetic 27571 | . 970 1684 353 . 169 1326 3169 1572 . . 3198 1109 1604 2064 1064 362 1179 2297 502 628 . 2383 1938 Thermal 2198 | . 154 643 . . . . . . . . . . 380 312 . . . 238 . . . . 471 Explosive 1549 | . . . . . . . . 169 . 185 973 222 . . . . . . . . . . . Electromagnetic 1399 | . . . . . . . . . . . . . . . . . 1399 . . . . . . Impact . | . . . . . . . . . . . . . . . . . . . . . . . . Slashing 2714 | . . . . . . . 276 . 435 . . . . . 633 794 . . . . 576 . . Piercing 530 | . . . . . . . . . 88 142 300 . . . . . . . . . . . . Highest Corruption 13 | . . . . . . . . . . . 3 12 . . . . 13 1 1 . . 3 2 Average Corruption 2 | . . . . . . . . . . . 1 7 . . . . 8 1 1 . . 3 1 Corruption Purged 1 | . . . . . . . . . . . . . . . . . . . 1 . . . . Corruption Blocked . | . . . . . . . . . . . . . . . . . . . . . . . . Effects 85 | . . . . . . . . . . . 14 25 . . . . 1 3 7 . . 25 10 Message Errors 25 | . . . . . . . . . . . 4 10 . . . . . 1 1 . . 6 3 Matter Fused 22 | . . . . . . . . . . . 6 3 . . . . 1 1 3 . . 6 2 Heat Flow Errors 4 | . . . . . . . . . . . 1 2 . . . . . 1 . . . . . Energy Discharges 10 | . . . . . . . . . . . 2 4 . . . . . . 1 . . 3 . Parts Fused 2 | . . . . . . . . . . . 1 . . . . . . . . . . 1 . Data Loss (minor) 7 | . . . . . . . . . . . . 2 . . . . . . . . . 4 1 Data Loss (major) 3 | . . . . . . . . . . . . . . . . . . . . . . 3 . Misfires 4 | . . . . . . . . . . . . 1 . . . . . . . . . . 3 Alerts 5 | . . . . . . . . . . . . 2 . . . . . . 1 . . 2 . Weapon Failures 3 | . . . . . . . . . . . . 1 . . . . . . 1 . . . 1 Overload Shots . | . . . . . . . . . . . . . . . . . . . . . . . . Overflow Damage 1003 | . 11 . . . . . . 24 71 62 487 32 . . 5 173 36 47 . . 55 . . Projectiles 436 | . 11 . . . . . . 24 . . 374 27 . . . . . . . . . . . Explosions 201 | . . . . . . . . . . . 113 5 . . . . 36 47 . . . . . Melee 366 | . . . . . . . . . 71 62 . . . . 5 173 . . . . 55 . . Knockbacks 52 | . 9 7 1 . . 1 8 4 . . 18 4 . . . . . . . . . . . Impact 1 | . . . 1 . . . . . . . . . . . . . . . . . . . . Kinetic 48 | . 7 7 . . . 1 8 4 . . 17 4 . . . . . . . . . . . Secondary 3 | . 2 . . . . . . . . . 1 . . . . . . . . . . . . Self-Inflicted Damage 384 | . . . . . . . . . . . 176 86 7 11 . . 104 . . . . . . Shots 5 | . . . . . . . . . . . 2 2 . . . . 1 . . . . . . Rammed 15 | . 1 . 1 . 1 . . 2 . . 3 . 1 1 . . 3 . . . . . 2 Targets Rammed 23 | . 1 . 1 . 1 . . 2 . . 4 3 1 1 . . 3 1 . . . . 5 Kicked 6 | . . . . . . . . . . . . 3 . . . . . . . . . . 3 Crushed 2 | . . . . . . . . . . . 1 . . . . . . 1 . . . . . Highest Temperature 402 | . 193 402 . . 13 . 281 168 44 20 244 293 180 63 7 12 30 135 240 225 . 55 75 Average Temperature 50 | . 53 64 . . 13 . 60 36 11 10 20 68 51 17 4 5 9 62 97 85 . 17 20 Received Heat Transfer 3980 | . 126 405 48 . 72 504 180 162 75 21 171 363 285 223 27 . 117 175 39 156 . 217 614 Effects 2 | . . . . . . . 1 . . . . . . . . . . . . 1 . . . Interference 2 | . . . . . . . 1 . . . . . . . . . . . . 1 . . . Siege Activations . | . . . . . . . . . . . . . . . . . . . . . . . . Martial Activations . | . . . . . . . . . . . . . . . . . . . . . . . . Shielding Activations . | . . . . . . . . . . . . . . . . . . . . . . . . Robots Disrupted . | . . . . . . . . . . . . . . . . . . . . . . . . Combat Hostiles . | . . . . . . . . . . . . . . . . . . . . . . . . Robots Corrupted 2 | . . . . . . . . . . . . . . . . . 1 . . . . . 1 Combat Hostiles 1 | . . . . . . . . . . . . . . . . . 1 . . . . . . Parts Fried 9 | . 1 . . . . . . . . . . . . 1 . . 5 . . . . . 2 Impact Corruptions 2 | . 1 . . . . . . . . . . . . . . . . . . . . . 1 Robots Melted . | . . . . . . . . . . . . . . . . . . . . . . . . Combat Hostiles . | . . . . . . . . . . . . . . . . . . . . . . . . Parts Melted 9 | . . 1 . . . . . . . . . . 2 2 . 1 . 1 . . . . 2 Heat Transferred 4696 | . 333 1369 . . . . . . . . . . 1050 800 . . . 200 . . . . 944 Parts Sabotaged 2 | . . . . . . . . . . . . . . . . . . . . . . . 2 Parts Stolen . | . . . . . . . . . . . . . . . . . . . . . . . . Parts Stripped . | . . . . . . . . . . . . . . . . . . . . . . . . Power Chain Reactions . | . . . . . . . . . . . . . . . . . . . . . . . . Alert | -11 -10 -9 -9 -9 -8 -8 -8 -8 -7 -7 -7 -7 -6 -6 -6 -6 -6 -5 -5 -5 -5 -4 -4 ------- Run | Yrd Mat Mat Min Exi Min Mat Gar Mat Fac Gar Fac Gar Fac Ext Cet Arc Hub Fac Upp Upp Zhi Pro Fac Maximum Alert Level 5 | . 1 2 1 . . . 4 3 1 1 2 2 1 3 2 2 5 5 . . . . 3 Low Security (%) 37 | . 98 61 90 . 100 100 6 . . . 66 . 12 51 . . 54 . . . . . . Level 1 20 | . 1 38 9 . . . 17 . 100 100 19 8 87 21 . 93 6 . . . . . . Level 2 21 | . . . . . . . 24 . . . 13 91 . 9 100 6 28 21 . . . . 83 Level 3 15 | . . . . . . . 12 100 . . . . . 16 . . 8 53 . . . . 16 Level 4 5 | . . . . . . . 38 . . . . . . . . . 1 22 . . . . . Level 5 . | . . . . . . . . . . . . . . . . . 1 3 . . . . . High Security . | . . . . . . . . . . . . . . . . . . . . . . . . Max Security . | . . . . . . . . . . . . . . . . . . . . . . . . Peak Influence 1685 | . 201 402 231 . 109 195 1455 919 399 371 534 642 391 1087 686 404 1658 1685 . . . . 900 Initial 900 | . . 35 148 . . 1 50 709 399 263 178 365 336 142 601 248 123 812 . . . . 900 Average 426 | . 113 194 142 . 25 106 841 830 357 318 218 519 290 339 614 368 312 906 . . . . 620 Influence Increases 14953 | . 515 844 203 . 185 446 1425 854 225 108 970 467 620 1601 295 236 1943 1409 254 335 5 305 1708 Destroy 0b10 Robot/C 6800 | . 320 520 120 . 120 340 800 460 . 60 400 320 240 820 160 80 480 540 180 200 . 260 380 Destroy 0b10 Robot/NC 480 | . 25 55 . . . 10 5 65 20 5 65 . 25 40 10 20 80 25 . . 5 5 20 Destroy Leader 1326 | . 66 188 20 . 20 74 30 144 6 10 132 40 74 94 . . 134 114 40 30 . 40 70 Allied During Kill 1800 | . . . 3 . 15 . . 72 . . . 10 . 468 110 100 536 452 34 . . . . Successful Hack 156 | . 21 . . . . 3 . . 16 . 27 . 8 . . . 51 . . . . . 30 Select Force Hacks 180 | . 30 . . . . . . . 30 . . . 60 30 . . . 30 . . . . . Disable Machine 1215 | . . 30 15 . . . 90 60 30 . 180 15 75 105 . 30 420 90 . . . . 75 Anti-Garrison Action 100 | . . . . . . . 100 . . . . . . . . . . . . . . . . Destroy Structure 796 | . 8 6 . . . 19 55 38 3 18 91 67 3 29 15 6 242 158 . . . . 38 Advance Influence 900 | . . . . . . . . . . . . . . . . . . . . . . . 900 Partial Spotted 75 | . . . . . . . . 15 15 . 30 . . . . . . . . . . . 15 Lose Combat Pursuer 1125 | . 45 45 45 . 30 . 345 . 105 15 45 15 135 15 . . . . . 105 . . 180 Influence Decreases 14375 | . 430 548 527 57 180 373 48 1430 728 143 789 347 970 818 748 504 639 1390 1225 736 310 305 1130 Entered New Map 5474 | . . 50 233 57 . 4 28 746 480 113 163 157 306 150 474 374 231 846 622 135 305 . . Time Decay 7151 | . 420 468 294 . 120 349 . 474 238 . 546 . 514 498 254 110 368 514 583 601 5 265 530 Search Patrol Dispatched 300 | . . . . . . . . . . . . . . . . . . . . . . . 300 Lost Part 760 | . 10 30 . . . 20 20 . 10 30 70 150 . 50 20 . . 10 . . . 40 300 Lost Ally 390 | . . . . . 60 . . 60 . . 10 40 . 120 . 20 40 20 20 . . . . Purge Threat 300 | . . . . . . . . 150 . . . . 150 . . . . . . . . . . Squads Dispatched 52 | . 2 3 . . . 1 . 3 7 . 7 . 6 5 . . 6 6 . . . . 6 Investigation 13 | . 2 1 . . . . . 1 3 . . . 3 1 . . . 2 . . . . . Extermination 15 | . . . . . . . . . 1 . 5 . 2 . . . 2 3 . . . . 2 Reinforcement 19 | . . 2 . . . 1 . 2 3 . 1 . 1 2 . . 3 1 . . . . 3 Assault 3 | . . . . . . . . . . . . . . 2 . . . . . . . . 1 Garrison 2 | . . . . . . . . . . . 1 . . . . . 1 . . . . . . Intercept . | . . . . . . . . . . . . . . . . . . . . . . . . Searches Triggered 3 | . . . . . . . . . . . . . . . . . . . . . . . 3 Construction Impeded 3 | . . . . . . . . . . . 1 . . . . . 1 . . . . . 1 Haulers Reinforced 5 | . . . . . . . . . 1 . . . 1 . . . 2 1 . . . . . Active Scanning Responses . | . . . . . . . . . . . . . . . . . . . . . . . . Cargo Convoy Interrupts 2 | . . . . . . . . . . . 1 . . . . . . . . . . . 1 Stealth | -11 -10 -9 -9 -9 -8 -8 -8 -8 -7 -7 -7 -7 -6 -6 -6 -6 -6 -5 -5 -5 -5 -4 -4 --------- Run | Yrd Mat Mat Min Exi Min Mat Gar Mat Fac Gar Fac Gar Fac Ext Cet Arc Hub Fac Upp Upp Zhi Pro Fac Distress Signals 20 | . 2 . . . . 1 . 2 1 1 2 . 1 3 2 . 3 . . . . 1 1 Communications Jammed 5 | . . . . . . . . . . . . . . . . . . 5 . . . . . Distress Signals 5 | . . . . . . . . . . . . . . . . . . 5 . . . . . Times Spotted 518 | . 26 40 10 . 7 19 47 29 17 20 47 17 23 48 10 7 22 27 7 19 . 20 56 Peak Tracking Total 20 | . 4 6 3 . 5 6 11 4 7 20 11 6 4 13 5 1 6 5 4 6 . 5 19 Tactical Retreats 37 | . 2 1 1 . 1 . 9 . 3 1 1 1 5 1 . . . . . 2 . . 9 Traps | -11 -10 -9 -9 -9 -8 -8 -8 -8 -7 -7 -7 -7 -6 -6 -6 -6 -6 -5 -5 -5 -5 -4 -4 ------- Run | Yrd Mat Mat Min Exi Min Mat Gar Mat Fac Gar Fac Gar Fac Ext Cet Arc Hub Fac Upp Upp Zhi Pro Fac Traps Triggered 25 | . 1 . . . . . 6 1 1 1 1 7 2 . . . . 2 . . . . 3 Indirectly . | . . . . . . . . . . . . . . . . . . . . . . . . Trap Hack Attempts . | . . . . . . . . . . . . . . . . . . . . . . . . Triggered . | . . . . . . . . . . . . . . . . . . . . . . . . Disarmed . | . . . . . . . . . . . . . . . . . . . . . . . . Reprogrammed . | . . . . . . . . . . . . . . . . . . . . . . . . Reused . | . . . . . . . . . . . . . . . . . . . . . . . . Traps Extracted . | . . . . . . . . . . . . . . . . . . . . . . . . Installed . | . . . . . . . . . . . . . . . . . . . . . . . . Triggered . | . . . . . . . . . . . . . . . . . . . . . . . . Machines | -11 -10 -9 -9 -9 -8 -8 -8 -8 -7 -7 -7 -7 -6 -6 -6 -6 -6 -5 -5 -5 -5 -4 -4 ---------- Run | Yrd Mat Mat Min Exi Min Mat Gar Mat Fac Gar Fac Gar Fac Ext Cet Arc Hub Fac Upp Upp Zhi Pro Fac Machines Disabled 83 | . . 2 1 . . . 6 4 2 . 12 1 5 9 . 2 28 6 . . . . 5 Max in Single Turn 24 | . . 1 1 . . . 1 1 1 . 4 1 1 1 . 1 24 5 . . . . 2 Garrison Access 1 | . . . . . . . . . . . . . . . . . 1 . . . . . . Network Hub 2 | . . . . . . . . . . . . . . . . . 2 . . . . . . Machines Repaired . | . . . . . . . . . . . . . . . . . . . . . . . . Machines Dismantled 3 | . . . . . . . . . . . . . . 3 . . . . . . . . . Machines Sabotaged . | . . . . . . . . . . . . . . . . . . . . . . . . Overloaded Fab Kills . | . . . . . . . . . . . . . . . . . . . . . . . . Hacking | -11 -10 -9 -9 -9 -8 -8 -8 -8 -7 -7 -7 -7 -6 -6 -6 -6 -6 -5 -5 -5 -5 -4 -4 --------- Run | Yrd Mat Mat Min Exi Min Mat Gar Mat Fac Gar Fac Gar Fac Ext Cet Arc Hub Fac Upp Upp Zhi Pro Fac Machines Accessed 59 | . 8 4 . 1 . 1 3 4 9 . 3 1 10 1 . . 5 2 . 1 4 . 2 Terminals 34 | . 7 3 . . . . 3 4 4 . 2 1 5 . . . 4 . . . . . 1 Fabricators 4 | . . . . . . . . . 1 . . . 2 . . . . . . . . . 1 Repair Stations . | . . . . . . . . . . . . . . . . . . . . . . . . Recycling Units 7 | . 1 . . . . . . . 1 . . . 3 1 . . . 1 . . . . . Scanalyzers 4 | . . 1 . . . . . . 2 . . . . . . . . 1 . . . . . Garrison Access 4 | . . . . . . 1 . . 1 . 1 . . . . . 1 . . . . . . Total Hacks 131 | . 15 8 . 1 . 1 6 10 21 . 5 1 22 1 . . 14 4 . 1 17 . 4 Successful 72 | . 7 2 . 1 . 1 . 2 13 . 3 1 7 1 . . 10 3 . 1 17 . 3 Failed 58 | . 7 6 . . . . 6 8 8 . 2 . 15 . . . 4 1 . . . . 1 Catastrophic 8 | . 1 . . . . . 1 2 2 . . . 2 . . . . . . . . . . Database Lockouts 1 | . 1 . . . . . . . . . . . . . . . . . . . . . . Manual 58 | . 13 6 . . . . . 6 7 . 4 . 14 1 1 . 4 2 . . . . . Terminals 81 | . 14 7 . . . . 6 10 9 . 4 1 14 . . . 13 . . . . . 3 Fabricators 7 | . . . . . . . . . 2 . . . 4 . . . . . . . . . 1 Repair Stations . | . . . . . . . . . . . . . . . . . . . . . . . . Recycling Units 10 | . 1 . . . . . . . 2 . . . 4 1 . . . 2 . . . . . Scanalyzers 10 | . . 1 . . . . . . 7 . . . . . . . . 2 . . . . . Garrison Access 4 | . . . . . . 1 . . 1 . 1 . . . . . 1 . . . . . . Terminal Hacks 40 | . 4 1 . 1 . . . 2 1 . . 1 3 . . . 7 . . 1 17 . 2 Record 6 | . . . . 1 . . . . . . . . . . . . . . . . 5 . . Part Schematic 10 | . 3 1 . . . . . . 1 . . . . . . . 1 . . . 4 . . Robot Analysis 4 | . . . . . . . . . . . . . . . . . . . . . 4 . . Prototype ID Bank 5 | . . . . . . . . 1 . . . . . . . . . . . . 4 . . Open Door 1 | . . . . . . . . . . . . . . . . . . . . 1 . . . Open DSF 1 | . . . . . . . . . . . . . 1 . . . . . . . . . . Branch Access Points 2 | . . . . . . . . . . . . . 1 . . . . . . . . . 1 Emergency Access Points 1 | . . . . . . . . . . . . 1 . . . . . . . . . . . Recycling Unit Index 1 | . . . . . . . . . . . . . . . . . 1 . . . . . . Unreport Threat 2 | . . . . . . . . 1 . . . . 1 . . . . . . . . . . Locate Traps 3 | . . . . . . . . . . . . . . . . . 3 . . . . . . Surveillance Status 1 | . . . . . . . . . . . . . . . . . 1 . . . . . . Recall Reinforcements 1 | . . . . . . . . . . . . . . . . . . . . . . . 1 Zone Layout 2 | . 1 . . . . . . . . . . . . . . . 1 . . . . . . Fabricator Hacks 3 | . . . . . . . . . 1 . . . 1 . . . . . . . . . 1 Load Schematic 2 | . . . . . . . . . 1 . . . 1 . . . . . . . . . . Build 1 | . . . . . . . . . . . . . . . . . . . . . . . 1 Repair Station Hacks . | . . . . . . . . . . . . . . . . . . . . . . . . Recycling Unit Hacks . | . . . . . . . . . . . . . . . . . . . . . . . . Scanalyzer 10 | . . 1 . . . . . . 7 . . . . . . . . 2 . . . . . Insert Component 3 | . . . . . . . . . 3 . . . . . . . . . . . . . . Analyze 3 | . . . . . . . . . 3 . . . . . . . . . . . . . . Retrieve Study 4 | . . 1 . . . . . . 1 . . . . . . . . 2 . . . . . Garrison Access Hacks 4 | . . . . . . 1 . . 1 . 1 . . . . . 1 . . . . . . Unlock Access 3 | . . . . . . 1 . . 1 . 1 . . . . . . . . . . . . Seal Access 1 | . . . . . . . . . . . . . . . . . 1 . . . . . . Unauthorized Hacks 15 | . 3 . . . . . . . 3 . 2 . 3 1 . . 2 1 . . . . . Terminals 7 | . 2 . . . . . . . 1 . 2 . . . . . 2 . . . . . . Assimilate 2 | . . . . . . . . . . . 2 . . . . . . . . . . . . Botnet 4 | . 1 . . . . . . . 1 . . . . . . . 2 . . . . . . Operators 1 | . 1 . . . . . . . . . . . . . . . . . . . . . . Fabricators 2 | . . . . . . . . . 1 . . . 1 . . . . . . . . . . Recompile 2 | . . . . . . . . . 1 . . . 1 . . . . . . . . . . Repair Stations . | . . . . . . . . . . . . . . . . . . . . . . . . Recycling Units 6 | . 1 . . . . . . . 1 . . . 2 1 . . . 1 . . . . . Tunnel 6 | . 1 . . . . . . . 1 . . . 2 1 . . . 1 . . . . . Scanalyzers . | . . . . . . . . . . . . . . . . . . . . . . . . Garrison Access . | . . . . . . . . . . . . . . . . . . . . . . . . Data Cores Recovered . | . . . . . . . . . . . . . . . . . . . . . . . . Used . | . . . . . . . . . . . . . . . . . . . . . . . . Hacking Detections 37 | . 6 3 . . . . 3 3 8 . 1 1 7 . . . 3 . . . . . 2 Full Trace Events 3 | . 1 1 . . . . . 1 . . . . . . . . . . . . . . . Feedback Events . | . . . . . . . . . . . . . . . . . . . . . . . . Feedback Blocked . | . . . . . . . . . . . . . . . . . . . . . . . . Robot Schematics Acquired . | . . . . . . . . . . . . . . . . . . . . . . . . Robots Built . | . . . . . . . . . . . . . . . . . . . . . . . . Authchips . | . . . . . . . . . . . . . . . . . . . . . . . . Time . | . . . . . . . . . . . . . . . . . . . . . . . . Total Robot Build Rating . | . . . . . . . . . . . . . . . . . . . . . . . . Part Schematics Acquired 13 | . 3 1 . . . . . . 4 . . . . . . . 1 . . . 4 . . Parts Built 2 | . . . . . . . . . . . . . . . . . . . . . . . 2 Authchips . | . . . . . . . . . . . . . . . . . . . . . . . . Time 46 | . . . . . . . . . . . . . . . . . . . . . . . 46 Total Part Build Rating 18 | . . . . . . . . . . . . . . . . . . . . . . . 18 Part Studies Acquired 4 | . . 1 . . . . . . 1 . . . . . . . . 2 . . . . . Parts Repaired . | . . . . . . . . . . . . . . . . . . . . . . . . Time . | . . . . . . . . . . . . . . . . . . . . . . . . Parts Recycled . | . . . . . . . . . . . . . . . . . . . . . . . . Recycled Matter . | . . . . . . . . . . . . . . . . . . . . . . . . Retrieved Matter . | . . . . . . . . . . . . . . . . . . . . . . . . Retrieved Components . | . . . . . . . . . . . . . . . . . . . . . . . . Parts Scanalyzed 3 | . . . . . . . . . 3 . . . . . . . . . . . . . . Part Schematics Acquired 3 | . . . . . . . . . 3 . . . . . . . . . . . . . . Parts Damaged . | . . . . . . . . . . . . . . . . . . . . . . . . Bothacking | -11 -10 -9 -9 -9 -8 -8 -8 -8 -7 -7 -7 -7 -6 -6 -6 -6 -6 -5 -5 -5 -5 -4 -4 ------------ Run | Yrd Mat Mat Min Exi Min Mat Gar Mat Fac Gar Fac Gar Fac Ext Cet Arc Hub Fac Upp Upp Zhi Pro Fac Used RIF Installer 4 | . . . . . . . 1 . . 1 . 2 . . . . . . . . . . . Command Fork 1 | . . . . . . . . . . . . 1 . . . . . . . . . . . Robot Detection 1 | . . . . . . . . . . 1 . . . . . . . . . . . . . Structural Interface 1 | . . . . . . . . . . . . 1 . . . . . . . . . . . Robots Hacked 7 | . . . . . . . . . 6 . . . . . . . . 1 . . . . . Non-combat 7 | . . . . . . . . . 6 . . . . . . . . 1 . . . . . Combat . | . . . . . . . . . . . . . . . . . . . . . . . . Robot Hacks Applied 7 | . . . . . . . . . 6 . . . . . . . . 1 . . . . . parse_system 1 | . . . . . . . . . 1 . . . . . . . . . . . . . . no_distress 2 | . . . . . . . . . 2 . . . . . . . . . . . . . . find_chute 2 | . . . . . . . . . 1 . . . . . . . . 1 . . . . . find_recycling 2 | . . . . . . . . . 2 . . . . . . . . . . . . . . Relay Couplers Released 4 | . . . . . . . . . . . 4 . . . . . . . . . . . . Programmers 4 | . . . . . . . . . . . 4 . . . . . . . . . . . . Attached 2 | . . . . . . . . . . . 1 . . 1 . . . . . . . . . Fabnet Peak Effective % . | . . . . . . . . . . . . . . . . . . . . . . . . Robots Rewired 15 | . . . . . . . 3 . . . . . . 12 . . . . . . . . . Allies Hacked 3 | . . . . . . . . . . . . 3 . . . . . . . . . . . Hacks Repelled . | . . . . . . . . . . . . . . . . . . . . . . . . Allies | -11 -10 -9 -9 -9 -8 -8 -8 -8 -7 -7 -7 -7 -6 -6 -6 -6 -6 -5 -5 -5 -5 -4 -4 -------- Run | Yrd Mat Mat Min Exi Min Mat Gar Mat Fac Gar Fac Gar Fac Ext Cet Arc Hub Fac Upp Upp Zhi Pro Fac Total Allies 31 | . . . 4 . . . 3 . . . 1 2 . 16 5 . . . . . . . . Largest Group 9 | . . . 4 4 3 . 3 3 . . 1 2 . 9 8 7 6 3 1 . . . . Highest-Rated Group 694 | . . . 71 71 40 . 63 63 . . 26 175 . 411 694 535 504 281 96 . . . . Highest-Rated Ally 159 | . . . 31 31 16 . 21 21 . . 26 95 . 159 159 96 96 96 96 . . . . Total Orders 6 | . . . . . . . . . . . 2 . . . . . 2 2 . . . . . STAY 3 | . . . . . . . . . . . 1 . . . . . 1 1 . . . . . FOLLOW 3 | . . . . . . . . . . . 1 . . . . . 1 1 . . . . . Ally Attacks 521 | . . . 3 . 23 . . 57 . . . 9 . 235 51 25 63 47 8 . . . . Total Damage 13407 | . . . 64 . 250 . . 994 . . . 606 . 5058 1405 559 2386 1850 235 . . . . Kills 108 | . . . 2 . 2 . . 17 . . . 3 . 41 6 1 18 15 3 . . . . Allies Corrupted 2 | . . . . . . . . . . . . 1 . . . . . 1 . . . . . Allies Melted . | . . . . . . . . . . . . . . . . . . . . . . . . Intel | -11 -10 -9 -9 -9 -8 -8 -8 -8 -7 -7 -7 -7 -6 -6 -6 -6 -6 -5 -5 -5 -5 -4 -4 ------- Run | Yrd Mat Mat Min Exi Min Mat Gar Mat Fac Gar Fac Gar Fac Ext Cet Arc Hub Fac Upp Upp Zhi Pro Fac Active Infowar (turns) 14314 | . . . . . . 12 1507 1201 503 148 1439 1 1199 67 . . . 1101 1792 1846 300 1925 1273 Optics 4809 | . . . . . . 12 1507 1201 502 148 1439 . . . . . . . . . . . . Sensors 8380 | . . . . . . . . . 503 146 771 . . . . . . . 1791 1846 300 1925 1098 Spoofing 37 | . . . . . . . . . . . . 1 36 . . . . . . . . . . Jamming 2555 | . . . . . . . . . . . . . 1163 67 . . . 1101 1 . . . 223 ECM 2 | . . . . . . . . . . . . . . . . . . . . . . . 2 Robot Analysis Total 4 | . . . . . . . . . . . . . . . . . . . . . 4 . . Derelict Logs Recovered 6 | . . . 2 . . . . . . . . . . . . . . . 1 . . 3 . Drone Launches . | . . . . . . . . . . . . . . . . . . . . . . . . Drone Recoveries . | . . . . . . . . . . . . . . . . . . . . . . . . Exploration | -11 -10 -9 -9 -9 -8 -8 -8 -8 -7 -7 -7 -7 -6 -6 -6 -6 -6 -5 -5 -5 -5 -4 -4 ------------- Run | Yrd Mat Mat Min Exi Min Mat Gar Mat Fac Gar Fac Gar Fac Ext Cet Arc Hub Fac Upp Upp Zhi Pro Fac Turns Passed 24231 | . 1198 1498 659 314 716 850 1522 1201 503 148 1566 803 1407 1334 550 226 851 1409 1804 1921 300 1965 1486 Spaces Moved 15884 | 1 582 709 363 197 428 395 1972 811 1335 363 1374 378 990 746 192 101 444 742 980 1021 164 735 861 Core 49 | . . 1 . . . . . . . . . . . . . . . . . . . . 48 Treads 8075 | . 567 708 363 197 428 392 96 555 . . 264 . . . 22 95 444 742 980 1021 164 735 302 Legs 1013 | 1 15 . . . . . . . . . 255 378 96 . . . . . . . . . 268 Wheels 1816 | . . . . . . . . . . . . . 894 746 170 6 . . . . . . . Hover 1879 | . . . . . . 3 1876 . . . . . . . . . . . . . . . . Flight 3052 | . . . . . . . . 256 1335 363 855 . . . . . . . . . . . 243 Fastest Speed 26 | 120 120 160 160 160 160 38 38 31 29 26 28 100 97 115 115 145 160 160 160 160 160 160 27 Average Speed 118 | 120 160 160 160 160 160 159 43 119 29 28 86 151 111 115 140 164 160 160 160 160 160 210 129 Slowest Speed 600 | 120 190 600 160 160 160 160 160 160 31 29 320 330 115 115 240 240 160 160 160 160 160 240 226 Overloaded Moves 69 | . . . . . . . . . . 69 . . . . . . . . . . . . . Propulsion Burnouts . | . . . . . . . . . . . . . . . . . . . . . . . . Robots Hopped 37 | . . . . . . . . 5 21 2 6 . . . . . . . . . . . 3 Potential Cave-ins 2 | . . . . . . . . . . . 2 . . . . . . . . . . . . Cave-ins Triggered . | . . . . . . . . . . . . . . . . . . . . . . . . Exploration Rate (%) 55 | 2 94 73 73 55 86 33 80 50 29 44 29 39 19 83 56 81 54 17 97 85 62 76 18 Regions Visited 23 Branch Regions 11 Pre-discovered Areas 12 | . 1 . 2 1 . . . . 1 . . . 2 1 . . . 1 . . 3 . . Known Exits Taken 10 | . . . . . . 1 . 1 1 . 1 . 1 . . . . 1 1 1 1 1 . Unknown Exits Taken 10 | 1 1 1 1 1 1 . . . . . . . . 1 1 1 1 . . . . . . Scrap Searched 7 | . . . 1 . 1 . . . . . . . . . . . . . 3 2 . . . Spaces Dug 28 | . . . . . . . . . 3 3 11 . 2 . . . . 5 . 3 . . 1 Terrain Destroyed 676 | . 1 3 . . . 15 2 38 3 13 100 44 7 4 3 4 315 42 15 14 . 28 25 Melee 20 | . . . . . . . . . 3 3 7 . 2 . . . . 3 . 1 . . 1 Projectile 196 | . 1 3 . . . 5 2 38 . . 25 11 5 4 3 4 4 12 14 13 . 28 24 AOE 458 | . . . . . . 10 . . . 10 68 33 . . . . 311 26 . . . . . Terrain Rammed . | . . . . . . . . . . . . . . . . . . . . . . . . Walls Destroyed . | . . . . . . . . . . . . . . . . . . . . . . . . Machines Disabled . | . . . . . . . . . . . . . . . . . . . . . . . . Actions | -11 -10 -9 -9 -9 -8 -8 -8 -8 -7 -7 -7 -7 -6 -6 -6 -6 -6 -5 -5 -5 -5 -4 -4 --------- Run | Yrd Mat Mat Min Exi Min Mat Gar Mat Fac Gar Fac Gar Fac Ext Cet Arc Hub Fac Upp Upp Zhi Pro Fac Total 19533 | . 741 891 414 196 448 541 2395 950 1391 395 1592 520 1198 1107 416 134 544 871 1174 1251 190 1057 1117 Wait 1656 | . 54 20 32 . 2 22 174 44 19 8 43 6 102 113 164 8 67 52 171 182 . 273 100 Move 15793 | . 581 708 362 196 427 394 1971 801 1297 358 1361 377 989 745 191 100 443 741 979 1020 163 734 855 Hop 32 | . . . . . . . . 4 17 2 6 . . . . . . . . . . . 3 Pick Up 181 | . 21 13 . . 1 16 17 11 9 1 17 14 12 11 8 3 2 5 . 3 2 1 14 Fast Attach 127 | . 2 12 1 . 2 7 3 2 3 1 19 5 11 6 7 2 3 7 2 2 6 2 22 Attach 83 | . 1 5 . . . 3 4 4 4 2 7 13 3 6 2 . 1 3 . 1 1 3 20 Detach 44 | . . 3 . . . 1 2 2 2 2 11 1 9 4 1 . 1 1 . 1 . . 3 Swap 129 | . 8 9 . . 2 20 7 11 1 1 3 5 9 8 2 3 6 8 4 9 2 2 9 Drop 235 | . 12 25 1 . 5 29 13 21 8 1 17 4 17 13 13 4 2 11 2 5 8 . 24 Fire 821 | . 61 96 17 . 8 49 120 47 1 1 82 49 39 40 17 5 15 38 16 27 . 42 51 Melee 116 | . . . . . . . 8 1 30 6 22 8 6 . 11 9 1 4 . 1 8 . 1 Ram 3 | . . . . . . . . . . . . . 1 1 . . . . . . . . 1 Kick 6 | . . . . . . . . . . . . 3 . . . . . . . . . . 3 Crush 14 | . 1 . 1 . 1 . . 2 . . 4 . . . . . 3 1 . . . . 1 Escape Stasis 91 | . . . . . . . 37 . . 12 . 32 . . . . . . . . . . 10 Rewire 178 | . . . . . . . 39 . . . . 3 . 136 . . . . . . . . . Trap . | . . . . . . . . . . . . . . . . . . . . . . . . Miscellaneous 24 | . . . . . . . . . . . . . . 24 . . . . . . . . . Route ------- -11/Scrapyard -10/Materials (discovered 4 exits: *Mat x3 / [*Min]) -9/Materials (discovered 4 exits: *Mat x2 / [*Min x2]) -9/Mines (discovered 2 exits: *Mat / *Exi) -9/Exiles -8/Mines (discovered 2 exits: *Mat x2) -8/Materials (discovered 3 exits: Fac / *Sto / Gar) -8/Garrison (discovered 3 exits: *Mat x3) -8/Materials (discovered 2 exits: *Fac / *Sto) -7/Factory -7/Garrison (discovered 2 exits: *Fac x2) -7/Factory -7/Garrison -6/Factory (discovered 4 exits: Low x2 / *Ext x2) -6/Extension (discovered 2 exits: *Fac / *Cet) -6/Cetus (discovered 2 exits: *Fac / *Arc) -6/Archives (discovered 3 exits: *Fac / *Hub x2) -6/Hub_04(d) (discovered 2 exits: *Fac x2) -5/Factory (discovered 2 exits: *Fac / *Upp) -5/Upper Caves -5/Upper Caves (discovered 2 exits: *Fac / *Zhi) -5/Zhirov -4/Proximity Caves -4/Factory (discovered 2 exits: Upp x2) History --------- Turn | Location | Event 1 | -11/Scrapyard | Discovered new exit (range 0) 1 | -11/Scrapyard | Entered Materials 303 | -10/Materials | Build established: Mutant 485 | -10/Materials | Discovered new exit (range 13) 773 | -10/Materials | Discovered new exit (range 12) 848 | -10/Materials | Central database locked down 889 | -10/Materials | Discovered new exit (range 3) 1186 | -10/Materials | Discovered new exit (range 6) 1199 | -10/Materials | Entered another Materials area 1199 | -9/Materials | Evolved 2 slots: Propulsion x1, Utility x1 1220 | -9/Materials | Discovered new exit (range 15) 1714 | -9/Materials | Discovered new exit (range 8) 1941 | -9/Materials | Discovered new exit (range 3) 2260 | -9/Materials | Build established: Scavenger-Mutant 2322 | -9/Materials | Discovered new exit (range 5) 2697 | -9/Materials | Entered Mines 2929 | -9/Mines | Escorted by a lone wolf Derelict 2949 | -9/Mines | Learned location of Storage (-8) 2967 | -9/Mines | Deemed a non-threat by the Exiles lab entrance 2968 | -9/Mines | Discovered new exit (range 5) 3114 | -9/Mines | Learned location of Recycling (-8) 3208 | -9/Mines | Discovered new exit (range 4) 3280 | -9/Mines | Assisted by bots powering up and referring to "LRC-V3" 3356 | -9/Mines | Entered Exiles 3356 | -9/Exiles | Accompanied by 4 allies 3398 | -9/Exiles | Met 8R-AWN 3424 | -9/Exiles | Met EX-HEX 3459 | -9/Exiles | Build established: Mutant 3486 | -9/Exiles | Met EX-DEC 3524 | -9/Exiles | Met EX-BIN 3579 | -9/Exiles | Learned location of Zion (-7) 3656 | -9/Exiles | Discovered new exit (range 11) 3670 | -9/Exiles | Entered Mines 3670 | -8/Mines | Accompanied by 3 allies 4078 | -8/Mines | Core integrity fell below 50% 4128 | -8/Mines | Lost 3 allies 4279 | -8/Mines | Discovered new exit (range 4) 4362 | -8/Mines | Discovered new exit (range 12) 4386 | -8/Mines | Entered Materials 4386 | -8/Materials | Evolved 2 slots: Propulsion x1, Utility x1 4387 | -8/Materials | Identified exit to Factory 4387 | -8/Materials | Discovered new exit (range 8) 4434 | -8/Materials | Build established: Scavenger-Mutant 5215 | -8/Materials | Identified exit to Garrison 5236 | -8/Materials | Entered Garrison 5302 | -8/Garrison | Triggered checkpoint 5360 | -8/Garrison | Triggered checkpoint 5476 | -8/Garrison | Discovered new exit (range 12) 5486 | -8/Garrison | Triggered checkpoint 5510 | -8/Garrison | Build established: Mutant 5682 | -8/Garrison | Triggered checkpoint 5747 | -8/Garrison | Discovered new exit (range 19) 5832 | -8/Garrison | Triggered checkpoint 5942 | -8/Garrison | Triggered checkpoint 6015 | -8/Garrison | Triggered checkpoint 6288 | -8/Garrison | Discovered new exit (range 17) 6314 | -8/Garrison | Triggered checkpoint 6379 | -8/Garrison | Triggered checkpoint 6579 | -8/Garrison | Installed Relay Interface Framework 6758 | -8/Garrison | Entered Materials 6758 | -8/Materials | Accompanied by 3 allies 6912 | -8/Materials | Build established: Scavenger-Mutant 7109 | -8/Materials | Discovered new exit (range 12) 7332 | -8/Materials | Discovered exit to Factory (range 8) 7937 | -8/Materials | Identified exit to Storage 7959 | -8/Materials | Entered Factory 7959 | -7/Factory | Evolved 2 slots: Utility x2 8261 | -7/Factory | Build established: Scout 8462 | -7/Factory | Identified exit to Garrison 8462 | -7/Factory | Entered Garrison 8498 | -7/Garrison | Triggered checkpoint 8524 | -7/Garrison | Triggered checkpoint 8535 | -7/Garrison | Discovered new exit (range 12) 8540 | -7/Garrison | Expanded RIF knowledge: Robot Detection 8571 | -7/Garrison | Spotted B-75 Beast 8596 | -7/Garrison | Triggered checkpoint 8596 | -7/Garrison | Triggered checkpoint 8603 | -7/Garrison | Discovered new exit (range 19) 8610 | -7/Garrison | Identified exit to Factory 8610 | -7/Garrison | Entered Factory 8627 | -7/Factory | Lost 3 parts (1p1n1u) 9398 | -7/Factory | Build established: Skirmisher 9680 | -7/Factory | Cargo convoy interrupted 9755 | -7/Factory | Destroyed 9 combat bots 9755 | -7/Factory | Lost 5 parts (2n2u1w) 10054 | -7/Factory | Garrison activated, responded to threat 10070 | -7/Factory | Build established: Scavenger-Mutant 10114 | -7/Factory | Core integrity fell below 50% 10169 | -7/Factory | Identified exit to Garrison 10176 | -7/Factory | Entered Garrison 10230 | -7/Garrison | Triggered checkpoint 10400 | -7/Garrison | Lost 4 parts (1p2n1w) 10589 | -7/Garrison | Found embedded Infiltrators 10623 | -7/Garrison | System corruption reached 10% 10760 | -7/Garrison | Core integrity fell below 20% 10777 | -7/Garrison | Triggered checkpoint 10809 | -7/Garrison | Lost 9 parts (2n2u5w) 10881 | -7/Garrison | Discovered new exit (range 14) 10926 | -7/Garrison | Expanded RIF knowledge: Command Fork 10971 | -7/Garrison | Expanded RIF knowledge: Structural Interface 10978 | -7/Garrison | Identified exit to Factory 10979 | -7/Garrison | Entered Factory 10979 | -6/Factory | Evolved 2 slots: Weapon x2 11052 | -6/Factory | Identified exit to DSF 11192 | -6/Factory | Spotted B-75 Beast 11392 | -6/Factory | Identified exit to Lower Caves 11392 | -6/Factory | Identified exit to Extension 11424 | -6/Factory | Build established: Gunner 12386 | -6/Factory | Entered Extension 12712 | -6/Extension | Rescued A7 12826 | -6/Extension | Build established: Commander-Gunner 12845 | -6/Extension | Rescued a captive Derelict 12846 | -6/Extension | Rescued a captive Derelict 13152 | -6/Extension | Spotted B-75 Beast 13168 | -6/Extension | Destroyed B-75 Beast 13173 | -6/Extension | Spotted B-75 Beast 13190 | -6/Extension | Allies destroyed B-75 Beast 13417 | -6/Extension | Rescued a captive Derelict 13436 | -6/Extension | First assault squad dispatched 13525 | -6/Extension | Lost 3 allies 13579 | -6/Extension | Lost 4 allies 13659 | -6/Extension | Build established: Scavenger-Gunner 13698 | -6/Extension | Discovered new exit (range 10) 13699 | -6/Extension | Discovered new exit (range 6) 13720 | -6/Extension | Entered Cetus 13720 | -6/Cetus | Accompanied by 3 allies (A7) 13725 | -6/Cetus | Acquired a Cetus Manufacturing Module code from A7 13740 | -6/Cetus | Spotted Cetus Guard 13740 | -6/Cetus | Spotted Cetus Guard 13745 | -6/Cetus | Spotted Cetus Guard 13748 | -6/Cetus | Spotted Cetus Guard 13751 | -6/Cetus | Allies destroyed Cetus Guard 13759 | -6/Cetus | Allies destroyed Cetus Guard 13762 | -6/Cetus | Allies destroyed Cetus Guard 13767 | -6/Cetus | Destroyed Cetus Guard 13886 | -6/Cetus | Started Cetus Manufacturing Module 13911 | -6/Cetus | Manufactured an Enhanced Grunt 13936 | -6/Cetus | Manufactured an Enhanced Grunt 13961 | -6/Cetus | Manufactured an Enhanced Grunt 13986 | -6/Cetus | Manufactured an Enhanced Grunt 14011 | -6/Cetus | Manufactured an Enhanced Grunt 14043 | -6/Cetus | Discovered new exit (range 15) 14068 | -6/Cetus | Spotted Cetus Guard 14069 | -6/Cetus | Spotted Cetus Guard 14073 | -6/Cetus | Spotted Cetus Guard 14077 | -6/Cetus | Destroyed Cetus Guard 14080 | -6/Cetus | Spotted Cetus Guard 14082 | -6/Cetus | Allies destroyed Cetus Guard 14092 | -6/Cetus | Destroyed Cetus Guard 14098 | -6/Cetus | Allies destroyed Cetus Guard 14107 | -6/Cetus | Discovered new exit (range 16) 14118 | -6/Cetus | Met Revision 17 14232 | -6/Cetus | Murdered A7 14235 | -6/Cetus | Extracted ID and sensor layout for unrecognized location from A7's data core 14242 | -6/Cetus | Found Prototype Protection 14242 | -6/Cetus | Identified Med. Regenerative Plating 14270 | -6/Cetus | Entered Archives 14270 | -6/Archives | Accompanied by 7 allies 14336 | -6/Archives | Discovered new exit (range 15) 14413 | -6/Archives | Discovered new exit (range 15) 14451 | -6/Archives | Discovered new exit (range 14) 14463 | -6/Archives | Unable to access archive contents 14496 | -6/Archives | Entered Hub_04(d) 14496 | -6/Hub_04(d) | Accompanied by 6 allies 14496 | -6/Hub_04(d) | Discovered new exit (range 10) 14617 | -6/Hub_04(d) | Build established: Scavenger-Tank 14931 | -6/Hub_04(d) | Garrison activated, responded to threat 14944 | -6/Hub_04(d) | Spotted B-75 Beast 14964 | -6/Hub_04(d) | Allies destroyed B-75 Beast 15236 | -6/Hub_04(d) | Discovered new exit (range 16) 15326 | -6/Hub_04(d) | Network Hub disabled 15326 | -6/Hub_04(d) | Network Hub disabled 15335 | -6/Hub_04(d) | System corruption reached 10% 15347 | -6/Hub_04(d) | Entered Factory 15347 | -5/Factory | Accompanied by 3 allies 15347 | -5/Factory | Evolved 2 slots: Utility x2 15670 | -5/Factory | Discovered new exit (range 15) 15692 | -5/Factory | Identified exit to Factory 15871 | -5/Factory | Discovered new exit (range 11) 15931 | -5/Factory | Identified exit to Upper Caves 16756 | -5/Factory | Entered Upper Caves 16756 | -5/Upper Caves | Accompanied by 1 ally 17051 | -5/Upper Caves | Build established: Scavenger-Skirmisher 18452 | -5/Upper Caves | Discovered new exit (range 10) 18558 | -5/Upper Caves | Identified exit to Upper Caves 18560 | -5/Upper Caves | Entered another Upper Caves area 18641 | -5/Upper Caves | Discovered exit to Factory (range 16) 19193 | -5/Upper Caves | Encountered a Warlord checkpoint 20477 | -5/Upper Caves | Discovered new exit (range 4) 20480 | -5/Upper Caves | Identified exit to Zhirov 20481 | -5/Upper Caves | Entered Zhirov 20481 | -5/Zhirov | Discovered new exit (range 3) 20486 | -5/Zhirov | Identified exit to Proximity Caves 20512 | -5/Zhirov | Met Zhirov 20541 | -5/Zhirov | Learned location of Quarantine (-3) 20541 | -5/Zhirov | Learned location of Command (-1) 20571 | -5/Zhirov | Zhirov requested help retrieving the SGEMP Prototype 20597 | -5/Zhirov | Found Alien Artifact 20597 | -5/Zhirov | Identified Integrated Dissipator 20597 | -5/Zhirov | Installed Integrated Dissipator, increased core heat dissipation (+20) 20723 | -5/Zhirov | Found Alien Artifact 20781 | -5/Zhirov | Entered Proximity Caves 20784 | -4/Proximity Caves | Spotter reported a threat 20945 | -4/Proximity Caves | Spotter reported a threat 21047 | -4/Proximity Caves | Spotter reported a threat 21169 | -4/Proximity Caves | Spotter reported a threat 21179 | -4/Proximity Caves | Attracted the attention of an 0b10 checkpoint 21212 | -4/Proximity Caves | Lost 3 parts (2n1w) 21555 | -4/Proximity Caves | Spotter reported a threat 21601 | -4/Proximity Caves | Spotted B-86 Titan 21628 | -4/Proximity Caves | Destroyed B-86 Titan 21672 | -4/Proximity Caves | Learned Research security intel 21710 | -4/Proximity Caves | Spotter reported a threat 21733 | -4/Proximity Caves | Learned 4 Research zone layouts 21781 | -4/Proximity Caves | Spotter reported a threat 21953 | -4/Proximity Caves | Discovered exit to Factory (range 12) 22624 | -4/Proximity Caves | Received a Behemoth hack from an annoying Tinkerer 22746 | -4/Proximity Caves | Entered Factory 22746 | -4/Factory | Evolved 2 slots: Propulsion x1, Utility x1 22996 | -4/Factory | Search patrols dispatched 23246 | -4/Factory | Search patrols dispatched 23346 | -4/Factory | Build established: Scavenger-Tank 23402 | -4/Factory | Fabricated Enh. Quantum Rifle (x2) 23496 | -4/Factory | Search patrols dispatched 23650 | -4/Factory | Build established: Scavenger-Skirmisher 23746 | -4/Factory | First assault squad dispatched 23868 | -4/Factory | Identified exit to Upper Caves 24129 | -4/Factory | Lost 20 parts (1p9n3u7w) 24181 | -4/Factory | Cargo convoy interrupted 24232 | -4/Factory | Self-destructed Last Messages --------------- 24204_ A bubble of rippling energy engulfs the area. 24204_ Field strength at 86. 24204_ Field strength at 72. 24205_ Field strength at 54. 24206_ Field strength at 40. 24207_ Field strength at 26. 24208_ Field strength at 4. 24209_ Stasis field depleted. 24215_ ALERT: Suspicious intruders detected, dispatching Cutter reinforcements to area. 24215_ RIF reveals location of hidden door. 24217_ VTOL Module destroyed. 24219_ W-44 Eye sends out distress signal. 24223_ Adv. Reaction Control System destroyed. 24226_ Acquired Imp. Hacking Suite. 24227_ Adv. Heat Sink destroyed. 24228_ Acquired Adv. Targeting Computer. 24229_ Mak. Hacking Suite destroyed. 24231_ VTOL Module destroyed. Map ----- +----------------------------------------------------+ | ?????????????????????????????????????????????????? | | ?????????????????????????????????????????????????? | | ?????????????????????????????????????????????????? | | ?????????????????????????????????????????????????? | | ?????????????????????????????????????????????????? | | ????????????? ?????????????????????????????????? | | ????????????? ???????????????????????????????? | | ????????????# !??????????????????????????????? | | ????????????# ??? ???????????????????????????? | | #####???????# ?? ???????????????????????????? | | #???????+ ?? ???????????????????????????? | | #???????# ?? ?????? #???????????????????? | | #???????# """? "????? #???????????????????? | | #???????# """" ""???? #???????????????????? | | #???????# """" """?? #???????????????????? | | """ #???????# """" """" #???????????????????? | | """ #???????# """" """" #???????????????????? | | """ #???????# """" """" w #???????????????????? | | ############# """" """" #???????????????????? | | #######+#???????????? | | "" "" g ?g?g??????? | | "F "" ??????????? | | """"" #?????????? | | #?????????? | | ######### #?????????? | | ????????# ###############@#######????????????????? | | ????????# #????????????= ?????????????????????? | | ????????# #?????????? ! ???????????????????? | | ????????# #????????# """ ?????????????????? | | ???????? ????????# """"" #????????????????? | | ????????###????????# """"" #????????????????? | | ???????????????????#####+########????????????????? | | ?????????????????????????????????????????????????? | | ?????????????????????????????????????????????????? | | ?????????????????????????????????????????????????? | | ?????????????????????????????????????????????????? | | ?????????????????????????????????????????????????? | | ?????????????????????????????????????????????????? | | ?????????????????????????????????????????????????? | | ?????????????????????????????????????????????????? | | ?????????????????????????????????????????????????? | | ?????????????????????????????????????????????????? | | ?????????????????????????????????????????????????? | | ?????????????????????????????????????????????????? | | ?????????????????????????????????????????????????? | | ?????????????????????????????????????????????????? | | ?????????????????????????????????????????????????? | | ?????????????????????????????????????????????????? | | ?????????????????????????????????????????????????? | | ?????????????????????????????????????????????????? | +----------------------------------------------------+ Best States ------------- Heat Dissipation 101 Coolant Potential 50 Energy Generation 25 Energy Capacity 350 Matter Stores 300 Matter Capacity 600 Sight Range 20 Robot Scan Range 16 Terrain Scan Density 10 Jamming Range 14 Base Temperature (-) 150 Armor Coverage 675 Resistance: KI 20 Resistance: TH 10 Propulsion Shielding 33 Phase Shifting 5 Evasion (%) 76 Targeting Accuracy 8 Core Analysis 6 Recoil Reduction 4 Offensive Hacking 24 Defensive Hacking 10 Relay Coupler Types 2 Relay Coupler Value 40 Authchip Count 2 Item Schematics ----------------- Hcp. Storage Unit | -10/Materials | Hacked Heat Sink | -10/Materials | Hacked Sml. Laser | -10/Materials | Hacked Lgt. Armor Plating | -9/Materials | Hacked Arm. Huge Wheel | -7/Factory | Hacked Thermic Laser | -7/Factory | Scanalyzed Machine Analyzer | -7/Factory | Scanalyzed System Shield | -7/Factory | Scanalyzed Imp. Weapon Shielding | -6/Hub_04(d) | Hacked Assault Drone Bay | -5/Zhirov | Free Exp. Heat Sink | -5/Zhirov | Free Exp. Optical Array | -5/Zhirov | Free Imp. Arc Thrower | -5/Zhirov | Free Robot Schematics ------------------ None Fabricated ------------ Enh. Quantum Rifle | x2 | -4/Factory | Preloaded Repaired ---------- Nothing Studied --------- Flight Unit | -9/Materials | Hacked Xenon Bombardment Thruster | -7/Factory | Hacked Thermic Laser | -5/Factory | Hacked Imp. Medium Treads | -5/Factory | Hacked Alien Tech Used ----------------- Integrated Dissipator Achievements -------------- Sprinter Challenges ------------ None Game ------ Seed CoolingLightReplica Manual? 0 Play Time 05:55:44 Cumulative 313.4 hours Start 2026.09.20 @ 13:17:31 End 2026.09.22 @ 12:53:30 Sessions 9 Manual Loads 0 Difficulty Rogue Special Mode None Game No. 142 Rogue 142 Adventurer 0 Explorer 0 Win Type - Total 3 Types 3/0/0/0/0/0/0/0/0/0 Lore% 58 Gallery% 61 Achievement% 50 Wizard Run 0 Options --------- Layout 2 ASCII 0 Keyboard 0 Movement Numpad Keybinds 1 Fullscreen 1 Font 32/Terminus Map View 50x44 Zoom Use 0% Tactical HUD 1 Map Filters NONE Filters NONE Steam 1 RUN: f52c9dfb-1265-4985-9388-331f6af23807